[Event "Team 45 45 League T66"]
[Site "Internet Chess Club"]
[Date "2015.09.13"]
[Round "2"]
[White "kutch"]
[Black "RUPIS"]
[Result "1/2-1/2"]
[WhiteElo "1557"]
[BlackElo "1699"]
[Opening "QGD: Tarrasch defense"]
[ECO "D32"]
[Time "12:00:24"]
[TimeControl "2700+45"]

1. d4 d5 2. c4 e6 3. Nc3 c5 4. cxd5 exd5 5. Nf3 Nf6 6. Bg5 Be7 7. dxc5 Nc6 8. e3
Bf5 9. Bd3 Be6 10. a3 Bxc5 11. Rc1 Be7 12. O-O O-O 13. b4 a6 14. Na4 b5 15. Rxc6
bxa4 16. Rxa6 Bd7 17. Rxa8 Qxa8 18. Qd2 Rc8 19. Rc1 Re8 20. Qd1 Qb8 21. Nd4 Ng4
22. Bf4 Bd6 23. Bxd6 Qxd6 24. Nf3 g6 25. h3 Nf6 26. Nd4 Qe5 27. Bb5 Bxb5 28.
Nxb5 Ne4 29. Qe2 Ra8 30. Nd4 Qf6 31. Rc6 Qe7 32. Qb2 Nd6 33. Nf3 Qd7 34. Qc1 Nc4
35. Rc5 Nb6 36. Rc7 Qe6 37. Qc6 Qxc6 38. Rxc6 Nc4 {Game drawn by mutual
agreement} 1/2-1/2

[Event "Team 45 45 League T66"]
[Site "Internet Chess Club"]
[Date "2015.09.13"]
[Round "2"]
[White "Husky99"]
[Black "PostMike"]
[Result "0-1"]
[WhiteElo "1308"]
[BlackElo "1529"]
[Opening "Sicilian"]
[ECO "B55"]
[Time "14:30:27"]
[TimeControl "2700+45"]

1. e4 c5 2. Nf3 d6 3. d4 cxd4 4. Nxd4 Nf6 5. Bd3 Nc6 6. c3 g6 7. O-O Bg7 8. Bb5
Bd7 9. Bxc6 bxc6 10. Re1 O-O 11. h3 Qb6 12. Be3 Qxb2 13. Nc2 Qb7 14. e5 Nd5 15.
Bd4 c5 16. c4 Nb6 17. e6 Bxe6 18. Bxg7 Kxg7 19. Nd2 Nxc4 20. Nxc4 Bxc4 21. Ne3
Be6 22. Rb1 Qc7 23. Qf3 Rab8 24. g4 Rxb1 25. Rxb1 Rb8 26. Ra1 Qb7 27. Qd1 Qc8
28. f4 Rb2 29. Nd5 Qc6 30. Qc1 Qb7 31. Qc3+ f6 32. Ne3 Rb1+ 33. Kf2 Qb2+ 34.
Qxb2 Rxb2+ 35. Kg3 Rxa2 36. Rb1 Ra3 37. Kf2 Rb3 38. Ra1 Rb7 39. f5 Bf7 40. fxg6
hxg6 41. Ke2 d5 42. Rc1 Rc7 43. Kd3 c4+ 44. Kd4 e5+ 45. Kc3 d4+ {White resigns}
0-1

[Event "Team 45 45 League T66"]
[Site "Internet Chess Club"]
[Date "2015.09.13"]
[Round "2"]
[White "jpokerflat"]
[Black "MateIn42"]
[Result "1-0"]
[WhiteElo "1356"]
[BlackElo "1377"]
[Opening "Two knights defense"]
[ECO "C58"]
[Time "11:00:42"]
[TimeControl "2700+45"]

1. e4 e5 2. Nf3 Nc6 3. Bc4 Nf6 4. Ng5 d5 5. exd5 Na5 6. Bb5+ c6 7. dxc6 bxc6 8.
Ba4 Qd4 9. c3 Qd5 10. O-O Ba6 11. Re1 O-O-O 12. Bb3 Nxb3 13. axb3 Bd3 14. c4 Qd7
15. Rxe5 Ng4 16. Rea5 Nxf2 17. Qf3 Bc5 18. Rxc5 Ne4 19. Nxe4 Qd4+ 20. Qe3 Qxe3+
21. dxe3 Bxe4 22. Nc3 Rhe8 23. Rxa7 Rd7 24. Rxd7 Kxd7 25. Nxe4 Rxe4 26. Kf2 g6
27. Kf3 f5 28. g4 Kd6 29. gxf5 Re5 30. Rxe5 Kxe5 31. fxg6 hxg6 32. c5 Kf5 33. b4
Ke5 34. Bd2 Kf5 35. e4+ Ke5 36. Bc3+ Ke6 37. Kf4 Kf7 38. Ke5 Ke7 39. h4 {Black
resigns} 1-0

[Event "Team 45 45 League T66"]
[Site "Internet Chess Club"]
[Date "2015.09.13"]
[Round "2"]
[White "tamky70"]
[Black "Aquaman"]
[Result "1-0"]
[WhiteElo "1342"]
[BlackElo "1294"]
[Opening "QP counter-gambit (elephant gambit)"]
[ECO "C40"]
[Time "15:30:32"]
[TimeControl "2700+45"]

1. e4 e5 2. Nf3 d5 3. Nc3 d4 4. Nb1 Nc6 5. Bb5 Bd6 6. d3 Nf6 7. Nbd2 a6 8. Ba4
b5 9. Bb3 O-O 10. O-O Na5 11. c3 Nxb3 12. axb3 c5 13. Nb1 h6 14. c4 b4 15. Re1
Ne8 16. Nbd2 Qc7 17. Nf1 Be7 18. Ng3 Nf6 19. Bd2 Bg4 20. h3 Bd7 21. Nh2 Nh7 22.
Nf5 Bxf5 23. exf5 Ng5 24. Ng4 f6 25. Bxg5 hxg5 26. Ra4 Qc8 27. Qf3 Ra7 28. Rea1
Qa8 29. Qe2 a5 30. Nh2 Bd8 31. Qh5 Qb7 32. Ng4 Qf7 33. Qxf7+ Rfxf7 34. f3 Kh7
35. Nf2 Bb6 36. Ne4 Rfd7 37. g4 Rd8 38. Kg2 Kg8 39. Rh1 Kf7 40. h4 gxh4 41. Rxh4
Raa8 42. Ra1 Bc7 43. Nxc5 Bd6 44. Ne6 Rg8 45. c5 Be7 46. c6 Bd6 47. c7 Ke7 48.
Rh7 Kf7 49. Nd8+ Ke7 50. Ne6 Kf7 51. g5 fxg5 52. Nxg5+ Kf6 53. Ne4+ Ke7 54. Kf2
Bxc7 55. f6+ Kf7 56. Rg1 Bb6 57. Rhxg7+ Rxg7 58. Rxg7+ Ke6 59. Rb7 Bd8 60. f7
Be7 61. Rb5 Bh4+ 62. Kg2 Kxf7 63. Rxe5 Be7 64. Rd5 Rg8+ 65. Kf1 Bd8 66. Rxd4 Bb6
67. Rd7+ Kf8 68. Rb7 Rg1+ 69. Ke2 Rg2+ 70. Kd1 Bd4 71. Rb5 Bc5 72. Rxc5 Rxb2 73.
Rxa5 Rxb3 74. Kc2 Ra3 75. Rxa3 bxa3 76. Kb3 {Black resigns} 1-0

[Event "Team 45 45 League T66"]
[Site "Internet Chess Club"]
[Date "2015.09.14"]
[Round "2"]
[White "Hal2001"]
[Black "rubo"]
[Result "1-0"]
[WhiteElo "1616"]
[BlackElo "1619"]
[Opening "Caro-Kann: classical variation"]
[ECO "B18"]
[Time "21:04:33"]
[TimeControl "2700+45"]

1. e4 c6 2. d4 d5 3. Nc3 dxe4 4. Nxe4 Bf5 5. Ng3 Bg6 6. N1e2 e5 7. dxe5 Qxd1+ 8.
Kxd1 Nd7 9. f4 Nh6 10. Bd2 O-O-O 11. Kc1 Bc5 12. Nc3 Nf5 13. Nxf5 Bxf5 14. Be2
h5 15. Bd3 g6 16. Ne4 Kc7 17. Ng5 Be6 18. Bxg6 Nxe5 19. Nxe6+ fxe6 20. fxe5 Rhf8
21. Bd3 Rf2 22. Bg5 Rdf8 23. Bf6 Rxg2 24. h4 Rfg8 25. Bg5 Rf8 26. Be4 Re2 27.
Bd3 Rxe5 28. Kd2 Rf2+ 29. Kc3 a5 30. a3 b5 31. b4 Bb6 32. Rhf1 Rg2 33. Bf4
{Black resigns} 1-0

[Event "Team 45 45 League T66"]
[Site "Internet Chess Club"]
[Date "2015.09.10"]
[Round "2"]
[White "nosir"]
[Black "ChessMaine"]
[Result "1-0"]
[WhiteElo "1498"]
[BlackElo "1539"]
[Opening "Réti: King's Indian attack (Barcza system)"]
[ECO "A07"]
[Time "21:00:31"]
[TimeControl "2700+45"]

1. Nf3 d5 2. g3 Nf6 3. Bg2 e6 4. O-O Be7 5. d3 O-O 6. Nbd2 c5 7. c3 Nc6 8. e4
dxe4 9. dxe4 e5 10. Qc2 Qc7 11. a4 Bg4 12. Nc4 Rfd8 13. Be3 Be6 14. Ncd2 h6 15.
Rfe1 Ng4 16. Nf1 Nxe3 17. Nxe3 a6 18. Bf1 Bg4 19. Nxg4 {Black resigns} 1-0

[Event "Team 45 45 League T66"]
[Site "Internet Chess Club"]
[Date "2015.09.11"]
[Round "2"]
[White "seattleblues"]
[Black "g8wrb"]
[Result "1/2-1/2"]
[WhiteElo "1444"]
[BlackElo "1283"]
[Opening "Nimzo-Indian: three knights variation"]
[ECO "E21"]
[Time "08:06:31"]
[TimeControl "2700+45"]

1. d4 Nf6 2. Nf3 e6 3. c4 Bb4+ 4. Nc3 O-O 5. Qc2 b6 6. a3 Bxc3+ 7. Qxc3 Bb7 8.
Bg5 d5 9. e3 h6 10. Bh4 Nbd7 11. Be2 c5 12. cxd5 exd5 13. O-O cxd4 14. Nxd4 Ne4
15. Bxd8 Nxc3 16. Bh4 Nxe2+ 17. Nxe2 Ba6 18. Rfe1 Ne5 19. Nd4 Ng6 20. Bg3 Rac8
21. Rac1 Ne7 22. Bd6 Rxc1 23. Rxc1 Rc8 24. Rxc8+ Nxc8 25. Bb8 Bc4 26. b3 Bd3 27.
Nc6 a6 28. Bc7 Bc2 29. b4 Kf8 30. Nd4 Ba4 31. Kf1 Ke8 32. Ke2 Bd7 33. h3 Ke7 34.
Kf3 g6 35. g4 f6 36. Bg3 Kf7 37. Ne2 Bc6 38. Nd4 Bd7 39. Ke2 {Game drawn by
mutual agreement} 1/2-1/2

[Event "Team 45 45 League T66"]
[Site "Internet Chess Club"]
[Date "2015.09.12"]
[Round "2"]
[White "SeniorCitizen"]
[Black "Conjurer"]
[Result "0-1"]
[WhiteElo "1359"]
[BlackElo "1241"]
[Opening "Sicilian: Taimanov variation"]
[ECO "B45"]
[Time "13:05:05"]
[TimeControl "2700+45"]

1. e4 c5 2. Nf3 Nc6 3. Nc3 e6 4. d4 cxd4 5. Nxd4 Nf6 6. Nxc6 bxc6 7. e5 Nd5 8.
Nxd5 cxd5 9. b3 Qa5+ 10. Bd2 Bb4 11. Bxb4 Qxb4+ 12. Qd2 Qe4+ 13. Qe2 Qb4+ 14.
Qd2 Qc5 15. Be2 d4 16. Bf3 Qxe5+ 17. Qe2 Qxe2+ 18. Kxe2 Rb8 19. Rhe1 Ba6+ 20.
Kd1 O-O 21. Kd2 d5 22. Be2 Rb6 23. Bxa6 Rxa6 24. Kd3 Rc8 25. Rec1 e5 26. c4 dxc3
27. Rxc3 Rac6 28. Rac1 Rxc3+ 29. Rxc3 Rxc3+ 30. Kxc3 Kf8 31. b4 Ke7 32. a4 Kd6
33. Kd3 Kc6 34. Kc3 f5 35. f3 g5 {White resigns} 0-1

[Event "Team 45 45 League T66"]
[Site "Internet Chess Club"]
[Date "2015.09.14"]
[Round "2"]
[White "Bizzy-Ketty"]
[Black "RD1974"]
[Result "0-1"]
[WhiteElo "1569"]
[BlackElo "1632"]
[Opening "French: Tarrasch, open variation"]
[ECO "C07"]
[Time "16:30:22"]
[TimeControl "2700+45"]

1. e4 e6 2. d4 d5 3. Nd2 c5 4. c3 Nc6 5. Ngf3 Nf6 6. Bd3 Qb6 7. dxc5 Bxc5 8. O-O
Ng4 9. Qe2 Nce5 10. Nxe5 Nxe5 11. exd5 Nxd3 12. Qxd3 O-O 13. dxe6 Bxe6 14. Qf3
Rad8 15. b4 Be7 16. Re1 Bd5 17. Qe3 Qg6 18. Qg3 Qf6 19. Bb2 Bxb4 20. Reb1 Bd6
21. c4 Qxb2 22. Rxb2 Bxg3 23. hxg3 Bc6 24. Nb3 h6 25. Nc5 b6 26. Nb3 Rd7 27. Re2
Rc8 28. Rc1 Rdc7 29. Rec2 Bb5 30. c5 Ba4 31. Rc4 Bxb3 32. axb3 Rxc5 33. Rxc5
Rxc5 34. Rxc5 bxc5 35. Kf1 Kf8 36. Ke2 Ke7 37. Kd3 Kd6 38. Kc4 Kc6 39. f3 f5 40.
Kd3 Kb5 41. Kc3 g5 42. f4 g4 43. Kd3 Kb4 44. Kc2 a5 45. Kb2 h5 46. Kc2 c4 47.
bxc4 Kxc4 48. Kb2 Kd3 49. Ka3 Ke2 50. Ka4 Kf2 51. Kxa5 Kxg2 52. Kb5 Kxg3 53. Kc5
Kxf4 54. Kd5 g3 55. Kd4 g2 56. Kd3 g1=Q 57. Kc3 h4 58. Kd3 h3 59. Kc3 h2 60. Kc4
h1=Q 61. Kd3 Qd5+ 62. Kc3 Qc1+ 63. Kb4 Qcc4+ 64. Ka3 Qdd3+ {White resigns} 0-1

[Event "Team 45 45 League T66"]
[Site "Internet Chess Club"]
[Date "2015.09.12"]
[Round "2"]
[White "Bible-Believer"]
[Black "EFXBT"]
[Result "1-0"]
[WhiteElo "1501"]
[BlackElo "1453"]
[Opening "QGD: Grau (Sahovic) defense"]
[ECO "D06"]
[Time "16:04:02"]
[TimeControl "2700+45"]

1. d4 d5 2. c4 Bf5 3. cxd5 Bxb1 4. Qa4+ c6 5. Rxb1 Qxd5 6. Nf3 Nf6 7. Bf4 e6 8.
e3 Be7 9. Bd3 O-O 10. O-O c5 11. Bc4 Qc6 12. Bb5 Qc8 13. Ra1 a6 14. Rac1 Nbd7
15. Bxd7 Qxd7 16. Qb3 cxd4 17. Rfd1 Qb5 18. Nxd4 Qxb3 19. Nxb3 Rfd8 20. Nd4 Ng4
21. Bg3 Bf6 22. h3 Bxd4 23. exd4 Nf6 24. Rc7 b5 25. Be5 Nd7 26. Rdc1 Nxe5 27.
dxe5 h6 28. Kf1 Kf8 29. Ke2 Ke8 30. R1c6 Rd7 31. Rc8+ Rxc8 32. Rxc8+ Rd8 33. Rc6
Ra8 34. Rd6 Ke7 35. Kd3 a5 36. Kd4 b4 37. Kc4 Ra7 38. Kb5 Ra8 39. Ra6 Rxa6 40.
Kxa6 a4 41. Kb5 b3 42. axb3 axb3 43. Kb4 Kd7 44. Kxb3 Kc6 45. Kc4 f6 46. f4 fxe5
47. fxe5 g5 48. g4 Kb6 49. Kb4 Kc6 50. Ka5 Kd5 51. b4 Kxe5 52. b5 Kd6 53. b6 e5
54. b7 Kc7 55. Kb5 e4 56. Kc4 Kxb7 57. Kd4 Kc6 58. Kxe4 Kd6 59. Kf5 {Black
resigns} 1-0

[Event "Team 45 45 League T66"]
[Site "Internet Chess Club"]
[Date "2015.09.09"]
[Round "2"]
[White "WzeroMN"]
[Black "karthikkallam"]
[Result "0-1"]
[WhiteElo "1124"]
[BlackElo "1438"]
[Opening "Ruy Lopez: Berlin defense, 4.O-O, d6"]
[ECO "C66"]
[Time "19:30:47"]
[TimeControl "2700+45"]

1. e4 e5 2. Nf3 Nc6 3. Bb5 Nf6 4. O-O d6 5. Re1 Bd7 6. Nc3 a6 7. Bxc6 Bxc6 8. d3
h6 9. a4 Be7 10. b4 Qd7 11. b5 axb5 12. Bb2 bxa4 13. d4 exd4 14. Qxd4 O-O 15.
Nxa4 Bxa4 16. Rxa4 Rxa4 17. Qd3 Rd8 18. e5 dxe5 19. Qxd7 Rxd7 20. Nxe5 Rd6 21.
Nd3 Re6 22. Rxe6 fxe6 23. h3 Ba3 24. Bxa3 Rxa3 25. Kh2 Ne4 26. f3 Nf6 27. Nf4
Kf7 {White resigns} 0-1

[Event "Team 45 45 League T66"]
[Site "Internet Chess Club"]
[Date "2015.09.14"]
[Round "2"]
[White "komodeo"]
[Black "NAS"]
[Result "0-1"]
[WhiteElo "1642"]
[BlackElo "1770"]
[Opening "Sicilian: Alapin's variation (2.c3)"]
[ECO "B22"]
[Time "15:30:32"]
[TimeControl "2700+45"]

1. e4 c5 2. c3 d5 3. exd5 Qxd5 4. d4 Nf6 5. Nf3 e6 6. Be2 Nc6 7. O-O Be7 8. Be3
cxd4 9. cxd4 O-O 10. Nc3 Qd6 11. Nb5 Qd8 12. Rc1 Nd5 13. a3 Nxe3 14. fxe3 a6 15.
Nc3 Bd7 16. Ne4 b6 17. Qe1 f5 18. Ned2 Bd6 19. Nc4 Bc7 20. Qc3 b5 21. Ncd2 Rc8
22. Nb3 Ne7 23. Nc5 Nd5 24. Qd2 Ra8 25. b4 f4 26. e4 Ne3 27. Rf2 Bb6 28. Ne5 Bc8
29. Qc3 Qh4 30. Ncd7 Bxd7 31. Nxd7 Ba7 32. Nxf8 Rxf8 33. Bf3 h6 34. e5 Rd8 35.
Rd2 Nc4 36. Rd3 Nxe5 37. Rdd1 Nc4 38. Kh1 Ne3 39. Rd2 Nf5 40. Rcd1 e5 41. Bd5+
Kh8 42. Be4 Bxd4 43. Rxd4 Nxd4 44. Qc7 Qf6 45. h3 Rf8 46. Qd7 f3 47. Rf1 f2 48.
Qg4 Qf4 49. Qg6 Nf5 50. Bxf5 Qxf5 51. Qg3 e4 52. Qe3 Qf4 53. Qe2 e3 54. a4 Rd8
55. axb5 Rd2 56. bxa6 Rxe2 57. a7 Ra2 58. g3 Qxg3 59. a8=Q+ Rxa8 60. b5 Qxh3#
{White checkmated} 0-1

[Event "Team 45 45 League T66"]
[Site "Internet Chess Club"]
[Date "2015.09.12"]
[Round "2"]
[White "unclevinny"]
[Black "alexkolay"]
[Result "0-1"]
[WhiteElo "1588"]
[BlackElo "1943"]
[Opening "Ruy Lopez: Berlin defense, open variation"]
[ECO "C67"]
[Time "17:00:27"]
[TimeControl "2700+45"]

1. e4 e5 2. Nf3 Nc6 3. Bb5 Nf6 4. O-O Nxe4 5. d4 Nd6 6. Bxc6 dxc6 7. dxe5 Nf5 8.
Qxd8+ Kxd8 9. b3 a5 10. Bb2 h6 11. Nbd2 Be6 12. Rfd1 c5 13. Ne4+ Kc8 14. Nc3 b6
15. Nd5 Ne7 16. Ne3 g5 17. h3 Bg7 18. Ng4 Nc6 19. Nf6 a4 20. Nh5 Bf8 21. g4 Nb4
22. Ne1 Rg8 23. f4 gxf4 24. Nxf4 Bd7 25. Nd5 Nxd5 26. Rxd5 Be6 27. Rd2 h5 28.
Rad1 Be7 29. Kh2 hxg4 30. hxg4 Bxg4 31. Rg2 Rh8+ {White resigns} 0-1

[Event "Team 45 45 League T66"]
[Site "Internet Chess Club"]
[Date "2015.09.10"]
[Round "2"]
[White "Littlemon"]
[Black "burnsy"]
[Result "1/2-1/2"]
[WhiteElo "1561"]
[BlackElo "1588"]
[Opening "Grünfeld: modern exchange variation"]
[ECO "D85"]
[Time "19:31:51"]
[TimeControl "2700+45"]

1. d4 Nf6 2. c4 g6 3. Nc3 d5 4. cxd5 Nxd5 5. e4 Nxc3 6. bxc3 Bg7 7. Nf3 O-O 8.
Bc4 c5 9. O-O cxd4 10. cxd4 Bg4 11. Be3 Bxf3 12. Qxf3 Bxd4 13. Rad1 e5 14. Bxd4
exd4 15. Qd3 Nc6 16. Bd5 Nb4 17. Qxd4 Nxd5 18. Qxd5 Qxd5 19. exd5 Rfd8 20. d6
Rd7 21. Rd3 Rad8 22. Rfd1 Kg7 23. g3 Kf6 24. h4 Ke6 25. Re1+ Kf6 26. Red1 Ke6
27. Re1+ Kf6 28. Red1 {Game drawn by repetition} 1/2-1/2

[Event "Team 45 45 League T66"]
[Site "Internet Chess Club"]
[Date "2015.09.13"]
[Round "2"]
[White "JefferyChess"]
[Black "andrewliang"]
[Result "1/2-1/2"]
[WhiteElo "1749"]
[BlackElo "1622"]
[Opening "Ruy Lopez: 5.O-O"]
[ECO "C78"]
[Time "22:15:23"]
[TimeControl "2700+45"]

1. e4 e5 2. Nf3 Nc6 3. Bb5 a6 4. Ba4 Nf6 5. O-O b5 6. Bb3 Bc5 7. a4 Rb8 8. c3 d6
9. d4 Bb6 10. a5 Ba7 11. Be3 O-O 12. h3 Bb7 13. d5 Bxe3 14. dxc6 Nxe4 15. cxb7
Nxf2 16. Rxf2 e4 17. Nd4 Qh4 18. Qe2 Bxf2+ 19. Qxf2 Qxf2+ 20. Kxf2 Rxb7 21. Bd5
Rbb8 22. Nc6 Rbe8 23. Ke3 Kh8 24. Nd2 f5 25. Rf1 g5 26. g3 f4+ 27. gxf4 gxf4+
28. Rxf4 Rxf4 29. Kxf4 e3 30. Nf3 e2 31. Ne1 Kg7 32. Nb4 Re5 33. Ned3 e1=Q 34.
Nxe1 Rxe1 35. Nxa6 Ra1 36. b4 Rc1 37. Nb8 Rxc3 38. a6 Ra3 39. Bb7 c5 40. bxc5
dxc5 41. Ke4 b4 42. Nc6 b3 43. Kd3 Ra4 44. a7 c4+ 45. Kc3 Kf6 46. a8=Q Rxa8 47.
Bxa8 Kg5 48. Nd4 Kh4 49. Bg2 h5 50. Bf1 Kg3 51. Nxb3 cxb3 52. Kxb3 h4 53. Kc3
Kf4 54. Kd3 Kg5 55. Ke4 Kh6 56. Kf5 Kh5 57. Be2+ Kh6 58. Kg4 Kh7 59. Kxh4 Kh8
60. Bd3 Kg7 61. Kg5 Kh8 62. Kh6 Kg8 63. Bc4+ Kh8 64. Bb5 Kg8 65. Kg6 Kh8 66. Kf7
Kh7 67. Kf8 Kh8 68. Bc4 Kh7 69. Bd3+ Kh8 70. Ke7 Kg7 71. Ke6 Kh8 72. Kf6 Kg8 73.
Kg6 Kh8 74. Kh6 Kg8 75. Bh7+ Kh8 76. Bg6 Kg8 77. h4 Kh8 78. Bc2 Kg8 79. h5 Kh8
80. Kg6 Kg8 81. Bf5 Kh8 82. Kf6 Kg8 83. Bg6 Kh8 84. Bf7 Kh7 85. Bg6+ Kh8 86. h6
Kg8 87. Bc2 Kh8 88. Ke6 Kg8 89. Ke7 Kh8 90. Bg6 Kg8 91. h7+ Kh8 92. Bc2 Kg7 93.
Ke6 Kh8 94. Bg6 Kg7 95. Ke7 Kh8 96. Ke8 Kg7 97. Ke7 Kh8 98. Kf7 {Black
stalemated} 1/2-1/2

[Event "Team 45 45 League T66"]
[Site "Internet Chess Club"]
[Date "2015.09.13"]
[Round "2"]
[White "qingjoshua"]
[Black "Constrictor"]
[Result "1-0"]
[WhiteElo "1668"]
[BlackElo "1587"]
[Opening "Caro-Kann: advance variation"]
[ECO "B12"]
[Time "20:03:08"]
[TimeControl "2700+45"]

1. e4 c6 2. d4 d5 3. e5 Bf5 4. Nf3 e6 5. Be2 Nd7 6. O-O Rc8 7. Bf4 c5 8. c4 dxc4
9. d5 exd5 10. Qxd5 Nb6 11. Qxb7 Qc7 12. Qa6 Be6 13. Rc1 Ne7 14. Nbd2 Ned5 15.
Bg3 Nb4 16. Qb5+ Bd7 17. Qa5 Nc6 18. Qc3 Be6 19. Nxc4 Nxc4 20. Bxc4 Be7 21. Bxe6
fxe6 22. Qc4 Nd8 23. b4 O-O 24. b5 Qb6 25. a4 Nb7 26. a5 Nxa5 27. Rxa5 Qxa5 28.
Qxe6+ Kh8 29. Qxe7 Qxb5 30. Qxa7 Qb2 31. Rf1 c4 32. e6 Ra8 33. Qe3 Ra1 34. Be5
Rxf1+ 35. Kxf1 Qb5 36. Qc3 Qb1+ 37. Qe1 Qd3+ 38. Kg1 Re8 39. Bc3 h6 40. e7 Kh7
41. Bb4 g5 42. Ne5 Qd5 43. Qb1+ Kh8 44. Bc3 Qe6 45. Nd7+ Kg8 46. Nf6+ Kf7 47.
Qh7# {Black checkmated} 1-0

[Event "Team 45 45 League T66"]
[Site "Internet Chess Club"]
[Date "2015.09.13"]
[Round "2"]
[White "elessar"]
[Black "XGG123"]
[Result "1-0"]
[WhiteElo "1610"]
[BlackElo "1338"]
[Opening "Sicilian: dragon variation"]
[ECO "B70"]
[Time "18:01:20"]
[TimeControl "2700+45"]

1. e4 c5 2. Nf3 d6 3. d4 cxd4 4. Nxd4 Nf6 5. Nc3 g6 6. Bg5 Bg7 7. Bb5+ Bd7 8.
Qe2 O-O 9. O-O-O Nc6 10. Bxc6 Bxc6 11. Nxc6 bxc6 12. e5 Ne8 13. exd6 Nxd6 14.
Bxe7 Qa5 15. Bxd6 Rfe8 16. Qc4 Bh6+ 17. Kb1 Rad8 18. Bb4 Qb6 19. Rxd8 Rxd8 20.
Bc5 Qc7 21. Rd1 Rxd1+ 22. Nxd1 Qxh2 23. Qe2 Qb8 24. Bd4 Qd8 25. Qe5 f6 26. Qxf6
Qxf6 27. Bxf6 Bg7 28. Bxg7 Kxg7 29. b4 {Black resigns} 1-0

[Event "Team 45 45 League T66"]
[Site "Internet Chess Club"]
[Date "2015.09.12"]
[Round "2"]
[White "FosterChess"]
[Black "Hal2001"]
[Result "0-1"]
[WhiteElo "1477"]
[BlackElo "1598"]
[Opening "Robatsch (modern) defense"]
[ECO "B06"]
[Time "13:00:42"]
[TimeControl "2700+45"]

1. e4 g6 2. d4 Bg7 3. Nf3 c5 4. c3 cxd4 5. cxd4 d5 6. Nc3 dxe4 7. Nxe4 Nf6 8.
Nxf6+ Bxf6 9. Be2 O-O 10. O-O Bg7 11. Be3 Nd7 12. Qd2 Re8 13. Bh6 Bh8 14. Qf4
Nf6 15. Bg5 Qb6 16. b3 Nd5 17. Qh4 f6 18. Bc4 Be6 19. Rfe1 Bf7 20. Re4 f5 21.
Re2 e6 22. Rae1 Nc3 23. Rc2 Ne4 24. Be3 Qd6 25. Bd3 Bf6 26. Qh3 Rac8 27. Rec1
Rxc2 28. Rxc2 Rd8 29. Bxe4 fxe4 30. Ng5 Bxg5 31. Bxg5 Qxd4 32. Bxd8 Qd1# {White
checkmated} 0-1

[Event "Team 45 45 League T66"]
[Site "Internet Chess Club"]
[Date "2015.09.12"]
[Round "2"]
[White "JJ12"]
[Black "Percival"]
[Result "0-1"]
[WhiteElo "1995"]
[BlackElo "2074"]
[Opening "French: Rubinstein variation"]
[ECO "C03"]
[Time "16:30:31"]
[TimeControl "2700+45"]

1. e4 e6 2. d4 d5 3. Nd2 dxe4 4. Nxe4 Nd7 5. Nf3 Ngf6 6. Nxf6+ Nxf6 7. Bd3 c5 8.
dxc5 Bxc5 9. O-O O-O 10. Qe2 b6 11. Bg5 Bb7 12. Rfd1 Qc7 13. Bxf6 gxf6 14. Be4
Rad8 15. c3 Be7 16. Bxb7 Qxb7 17. Nd4 Kh8 18. Qf3 Qxf3 19. gxf3 Rc8 20. Nb5 a6
21. Rd7 axb5 22. Rxe7 Rcd8 23. Rb7 Rd6 24. Re1 Kg7 25. Kg2 Rc8 26. Re4 Rc5 27.
h4 f5 28. Rb4 Kf6 29. f4 Rc4 30. a3 Rxb4 31. axb4 Kg6 32. h5+ Kxh5 33. Rxf7 Kg4
34. Rxh7 Kxf4 35. Rh4+ Ke5 36. Rh8 Kd5 37. Rc8 Ke4 38. b3 e5 39. c4 bxc4 40.
bxc4 f4 41. b5 f3+ 42. Kh2 Rg6 43. Rc6 Rg2+ 44. Kh3 Rxf2 45. Rxb6 Rc2 46. Rf6
Rxc4 47. Kg3 Rc3 48. b6 Rb3 49. b7 Rxb7 50. Rxf3 Rb2 51. Ra3 Rd2 52. Ra8 Ke3 53.
Re8 e4 54. Re7 Rd4 55. Re8 Ke2 56. Kf4 e3+ 57. Kg3 Rd7 58. Kf4 Rf7+ 59. Kg3 Rg7+
60. Kf4 Kf2 61. Ra8 e2 62. Ra2 Kf1 {White resigns} 0-1

[Event "Team 45 45 League T66"]
[Site "Internet Chess Club"]
[Date "2015.09.10"]
[Round "2"]
[White "HematiteBrown"]
[Black "ShootStraight"]
[Result "1-0"]
[WhiteElo "2114"]
[BlackElo "1936"]
[Opening "Sicilian: accelerated fianchetto, Maróczy bind"]
[ECO "B36"]
[Time "19:01:54"]
[TimeControl "2700+45"]

1. e4 c5 2. Nf3 g6 3. d4 cxd4 4. Nxd4 Nc6 5. c4 Nf6 6. Nc3 d6 7. Be2 Nxd4 8.
Qxd4 Bg7 9. O-O O-O 10. Bd2 Be6 11. Qd3 Nd7 12. b3 Nc5 13. Qe3 a5 14. Kh1 Qb6
15. Rab1 Rfc8 16. Nb5 Qd8 17. f4 f5 18. e5 dxe5 19. fxe5 Bd7 20. Rbd1 Bxb5 21.
cxb5 e6 22. Bc4 Qc7 23. Bc3 Bf8 24. Bd4 Qf7 25. Rf3 b6 26. g4 Kh8 27. gxf5 gxf5
28. Rg1 Qb7 29. Rg2 Ra7 30. Rfg3 Qf7 31. Qg1 Bh6 32. Bxc5 bxc5 33. b6 Rd7 34. b7
{Black resigns} 1-0

[Event "Team 45 45 League T66"]
[Site "Internet Chess Club"]
[Date "2015.09.13"]
[Round "2"]
[White "MikeTtheGuru"]
[Black "TerryMalloy"]
[Result "1/2-1/2"]
[WhiteElo "2011"]
[BlackElo "2015"]
[Opening "English, Kramnik-Shirov counterattack"]
[ECO "A21"]
[Time "18:08:26"]
[TimeControl "2700+45"]

1. c4 e5 2. Nc3 Bb4 3. Nd5 a5 4. Nf3 e4 5. Nd4 c6 6. Nxb4 axb4 7. d3 d5 8. Bf4
Nf6 9. e3 O-O 10. Be2 Na6 11. Nb3 Bf5 12. d4 dxc4 13. Bxc4 Re8 14. O-O Nc7 15.
Nc5 Ra7 16. Qc2 Ncd5 17. Bg5 Qd6 18. h3 h6 19. Bh4 Nh7 20. Bg3 Qg6 21. Qd2 h5
22. Bxd5 cxd5 23. Kh2 Ng5 24. Qxb4 b6 25. Nb3 h4 26. Bxh4 Re6 27. Bxg5 Qxg5 28.
Rh1 Rh6 29. Qe1 Rd7 30. Nd2 Rdd6 31. Nf1 Rdg6 32. Ng3 Rh4 33. Kg1 Bd7 34. Kf1
Bb5+ 35. Kg1 f5 36. a4 Bc4 37. Kh2 Rf6 38. Ne2 Bxe2 39. Qxe2 f4 40. g3 fxg3+ 41.
fxg3 Rf3 42. Qg2 Rh6 43. Rhf1 Qxe3 44. Ra3 Qxd4 45. Raxf3 exf3 46. Qxf3 Qxb2+
47. Rf2 {Game drawn by mutual agreement} 1/2-1/2

[Event "Team 45 45 League T66"]
[Site "Internet Chess Club"]
[Date "2015.09.13"]
[Round "2"]
[White "charles-allen"]
[Black "misuc56"]
[Result "1-0"]
[WhiteElo "1839"]
[BlackElo "1781"]
[Opening "Sicilian"]
[ECO "B50"]
[Time "13:02:19"]
[TimeControl "2700+45"]

1. e4 c5 2. Nf3 d6 3. Bc4 g6 4. c3 Bg7 5. d4 cxd4 6. cxd4 Nc6 7. Nc3 a6 8. O-O
Bd7 9. Re1 Rb8 10. e5 dxe5 11. dxe5 e6 12. Ne4 Bf8 13. Bg5 Be7 14. Nd6+ Kf8 15.
Qd2 h6 16. Bf4 g5 17. Bg3 b5 18. Bd3 g4 19. Nxf7 Kxf7 20. Qf4+ Kg7 21. Qxg4+ Bg5
22. h4 h5 23. Qxg5+ Qxg5 24. Nxg5 Nge7 25. Be4 Nd4 26. Rac1 Rbc8 27. Kf1 Nef5
28. Bb7 Rxc1 29. Rxc1 Kf8 30. Bxa6 Ke7 31. Bb7 b4 32. Ke1 Rb8 33. Ba6 Ra8 34.
Bc4 Ra5 35. Nf3 Nxf3+ 36. gxf3 Nxg3 37. fxg3 Rxe5+ 38. Kf2 Bc6 39. Be2 Bd7 40.
Rc4 Ra5 41. Rxb4 Rxa2 42. Ke3 Ra1 43. g4 hxg4 44. fxg4 Rh1 45. g5 Rh3+ 46. Kf2
Bc6 47. h5 Rh2+ 48. Ke3 Rh3+ 49. Kd2 Rh2 50. Ke3 Rh3+ 51. Kd4 Rh2 52. Bg4 Be8
53. h6 Rd2+ 54. Ke5 Rd5+ 55. Kf4 Bg6 56. Rb7+ Kd6 57. Rb6+ Kc7 58. Rxe6 Bc2 59.
Re7+ Kb6 60. h7 Bxh7 61. Rxh7 Rb5 62. g6 {Black resigns} 1-0

[Event "Team 45 45 League T66"]
[Site "Internet Chess Club"]
[Date "2015.09.14"]
[Round "2"]
[White "searchforbobby1"]
[Black "HumanTornado"]
[Result "1-0"]
[WhiteElo "2123"]
[BlackElo "1903"]
[Opening "Sicilian: Alapin's variation (2.c3)"]
[ECO "B22"]
[Time "21:01:19"]
[TimeControl "2700+45"]

1. e4 c5 2. c3 Nf6 3. e5 Nd5 4. d4 cxd4 5. Nf3 Nc6 6. cxd4 d6 7. Bc4 Nb6 8. Bb3
Bf5 9. O-O e6 10. Be3 Be7 11. Nc3 h6 12. exd6 Bxd6 13. Qe2 O-O 14. Rfd1 Nd5 15.
Nxd5 exd5 16. Ne5 Nxe5 17. dxe5 Bxe5 18. Bxd5 Qe7 19. Rd2 Rfe8 20. Qf3 Be6 21.
Rad1 Bxd5 22. Qxd5 b6 23. b3 Bf6 24. Qd7 Red8 25. Qxe7 Bxe7 26. Kf1 Rxd2 27.
Rxd2 Rd8 28. Rxd8+ Bxd8 29. Ke2 Kf8 30. Kd3 Ke8 31. Kc4 a6 32. Kd5 Kd7 33. g4
Bc7 34. h4 f6 35. h5 b5 36. Bc5 Ke8 37. Kc6 Bd8 38. Kb7 a5 39. Ka6 {Black
resigns} 1-0